 Dungeon Crawl Stone Soup version 0.29.1-13-g9f3cf754e1 (webtiles) character file.

Game seed: 16118252017731488937

1247 devnull the Reanimator (level 8, -3/52 HPs)
             Began as a Demonspawn Necromancer on Jan 28, 2023.
             Was an Initiate of Yredelemnul.
             Slain by a wight
             ... wielding a +0 scimitar
              (7 damage)
             ... on level 5 of the Dungeon.
             The game lasted 00:26:21 (8066 turns).

devnull the Reanimator (Demonspawn Necromancer)     Turns: 8066, Time: 00:26:21

Health: -3/52      AC: 12    Str: 15    XL:     8   Next: 25%
Magic:  12/15      EV: 11    Int: 18    God:    Yredelemnul [......]
Gold:   214        SH:  0    Dex: 20    Spells: 11/17 levels left

rFire   . . .      SeeInvis .   a - +0 dagger (speed)
rCold   . . .      Faith    .   d - orb {light}
rNeg    . . .      Spirit   .   k - +2 ring mail {Will+}
rPois   +          Reflect  .   s - +1 hat
rElec   .          Harm     .   (no cloak)
rCorr   .          Rampage  .   y - +0 pair of gloves
Will    +....                   o - +0 pair of boots {Fly}
Stlth   +.........              (no amulet)
HPRegen 0.17/turn               h - +6 ring of strength
MPRegen 0.14/turn               w - +6 ring of dexterity

@: mighty, about to teleport, flying, glowing
A: yellow scales 1, powered by pain 1, demonic touch 1, poison resistance,
MP-powered wands
a: Renounce Religion, Recall Undead Harvest


You were on level 5 of the Dungeon.
You worshipped Yredelemnul.
Yredelemnul was noncommittal.
You visited 2 branches of the dungeon, and saw 8 of its levels.
You also visited: Sewer.

You collected 214 gold pieces.

Inventory:

Hand Weapons
 a - a +0 dagger of speed (weapon)
Missiles
 D - 3 poisoned darts
Armour
 d - an orb of light (worn)
 k - a +2 ring mail of willpower (worn)
 o - a +0 pair of boots of flying (worn)
 s - a +1 hat (worn)
 y - a +0 pair of gloves (worn)
 E - a +0 robe
Jewellery
 h - a +6 ring of strength (left hand)
 w - a +6 ring of dexterity (right hand)
Wands
 v - a wand of digging (4)
Scrolls
 c - a scroll of vulnerability
 f - a scroll of teleportation
 l - 3 scrolls of enchant weapon
 m - a scroll of magic mapping {unknown}
 n - a scroll of butterflies
 q - a scroll of brand weapon {unknown}
 r - a scroll of blinking {unknown}
 t - 2 scrolls of immolation {unknown}
 x - 3 scrolls of summoning {unknown}
 F - a scroll of noise {unknown}
 H - a scroll of enchant armour {unknown}
Potions
 b - a potion of magic
 e - a potion of heal wounds {unknown}
 i - a potion of resistance {unknown}
 j - a potion of might {unknown}
 p - 2 potions of mutation
 u - a potion of invisibility {unknown}
 z - 2 potions of brilliance
 A - a potion of haste
 B - a potion of ambrosia {unknown}
 C - 2 potions of lignification {unknown}
 G - a potion of cancellation {unknown}


   Skills:
 - Level 3.0 Maces & Flails
 - Level 1.7 Dodging
 - Level 1.7 Stealth
 + Level 5.3 Spellcasting
 - Level 9.4 Necromancy


You had 11 spell levels left.
You knew the following spells:

 Your Spells              Type           Power      Damage    Failure   Level
a - Necrotise             Necr           100%       1d9       1%          1
b - Vampiric Draining     Necr           38%        2d8       1%          3
f - Sublimation of Blood  Necr           38%        N/A       1%          2

Your spell library contained the following spells:

 Spells                   Type           Power      Damage    Failure   Level
 Agony                    Necr           38%        N/A       14%         5
 Beastly Appendage        Tmut           8%         N/A       26%         1
 Wereblood                Tmut           4%         N/A       36%         2
 Spider Form              Tmut/Pois      4%         N/A       61%         3
 Petrify                  Tmut/Erth      4%         N/A       95%         4
 Irradiate                Conj/Tmut      2%         3d12      100%        5
 Animate Dead             Necr           Unusable   N/A       N/A         4

Dungeon Overview and Level Annotations

Branches:
Dungeon (7/15)             Temple (1/1) D:4           Sewer (visited)

Altars:
Ashenzari
Cheibriados
Dithmenos
Fedhas
Gozag
Hepliaklqana
Kikubaaqudgha
Makhleb
Nemelex Xobeh
Ru
Trog
Uskayaw
Vehumet
Wu Jian
Yredelemnul

Annotations:
D:3 1 exclusion


Innate Abilities, Weirdness & Mutations

You are partially covered in yellow scales. (AC +2)
You sometimes gain a little power by taking damage.
Your touch may inflict minor irresistible damage on your foes.
Your system is resistant to poisons. (rPois)
You expend magic power (3 MP) to strengthen your wands.


Message History

Unknown command.
You are too injured to fight recklessly!
You hit the wight.
The wight is moderately damaged.
You hit the wight.
The wight is heavily damaged.
The wight hits you with a +0 scimitar!
* * * LOW HITPOINT WARNING * * *
The wight attacks as you move away! The wight hits you but does no damage.
The wight attacks as you move away! The wight closely misses you.
A wight comes into view. It is wielding a +0 halberd.
You feel better. The wight hits you with a +0 scimitar!
* * * LOW HITPOINT WARNING * * *
You swap places.
Something completely misses your orc warrior zombie.
The wight hits you from afar with a +0 halberd!
* * * LOW HITPOINT WARNING * * *
The wight hits your orc warrior zombie with a +0 scimitar!
Your orc warrior zombie hits the wight.
The wight hits your orc warrior zombie with a +0 scimitar!
A wight comes into view. It is wielding a +0 falchion.
Your orc warrior zombie hits the wight.
The wight hits your orc warrior zombie with a +0 scimitar!
The wight moves out of view.
The wight closely misses your orc warrior zombie.
Your orc warrior zombie barely misses the wight.
A wight comes into view. It is wielding a +2 dagger of freezing.
Okay, then.
As you read the scroll of teleportation, it crumbles to dust.
You feel strangely unstable.
The wight closely misses your orc warrior zombie.
The wight misses you.
Your orc warrior zombie completely misses the wight.
Your surroundings suddenly seem different.
A wight comes into view. It is wielding a +0 trident.
As you read the scroll of teleportation, it crumbles to dust.
You feel strangely unstable. The wight attacks as you move away!
The wight hits you with a +0 scimitar!
You die...
Your body rises from the dead as a mindless zombie.

#.# #.# ###§## ##.#.#
###)###.####..## ##..#
#..)......##§#.# #.#.#
#.#.###.#.##§##.# #..#.#
#.#.###.#z##.###.#.#.#.# #
#zz.zz..........##.#.# #
#.###.#.##.#######.#.#
#.#.#.# #z#.##.# #.#.#
#.....# #@#.##.# #.#..
###.#.###.#.##.#######.#.#
#.#.##....##............ #
#.....................
####....##############
####.# ..# ####


You could see 3 wights.

Vanquished Creatures
  Duvessa (D:5)
  2 orc warriors
  Pargi (Sewer)
  2 ice beasts (D:6)
  An ogre (D:4)
  A scorpion (D:5)
  Dowan (D:5)
  A jelly (D:4)
  2 orc priests
  A hound (D:6)
  An iguana (D:4)
  2 orc wizards
  10 adders
  A white imp (D:6)
  An ufetubus (D:4)
  5 dart slugs
  6 orcs
  7 ball pythons
  13 bats
  8 endoplasms
  5 giant cockroaches (D:3)
  4 goblins
  10 hobgoblins
  8 jackals
  3 quokkas
  12 frilled lizards
  7 kobolds
  10 rats
126 creatures vanquished.

Vanquished Creatures (collateral kills)
  A necrophage (D:4)
  An endoplasm (D:2)
  A frilled lizard (Sewer)
3 creatures vanquished.

Vanquished Creatures (others)
  An orc zombie (D:5)
1 creature vanquished.

Grand Total: 130 creatures vanquished

Notes
Turn   | Place    | Note
-------+----------+-------------------------------------------
     0 | D:1      | devnull the Demonspawn Necromancer began the quest for the
                  | Orb.
     0 | D:1      | Reached XP level 1. HP: 13/13 MP: 3/3
   390 | D:1      | Gained mutation: You sometimes gain a little power by
                  | taking damage. [demonic ancestry]
   390 | D:1      | Reached XP level 2. HP: 18/19 MP: 1/5
   400 | D:1      | Reached skill level 5 in Necromancy
  1026 | D:1      | Reached XP level 3. HP: 24/24 MP: 0/6
  1754 | D:2      | Reached skill level 6 in Necromancy
  1896 | D:2      | Learned a level 3 spell: Vampiric Draining
  1899 | D:2      | Learned a level 2 spell: Sublimation of Blood
  1904 | D:2      | Reached XP level 4. HP: 30/30 MP: 3/7
  2754 | D:3      | Reached skill level 1 in Maces & Flails
  2796 | D:3      | Found a glowing drain.
  2800 | Sewer    | Entered a sewer
  2892 | Sewer    | Noticed Pargi
  3011 | Sewer    | Killed Pargi
  3012 | Sewer    | Gained mutation: Your touch may inflict minor irresistible
                  | damage on your foes. [demonic ancestry]
  3012 | Sewer    | Reached XP level 5. HP: 35/35 MP: 0/8
  3449 | D:3      | Found a faded altar of an unknown god.
  3976 | D:4      | You are sucked into a shaft and drop 3 floors!
  4171 | D:6      | Noticed an ice beast
  4176 | D:6      | Killed an ice beast
  4177 | D:6      | Reached skill level 7 in Necromancy
  4177 | D:6      | Gained mutation: You are partially covered in yellow
                  | scales. (AC +2) [demonic ancestry]
  4177 | D:6      | Reached XP level 6. HP: 41/41 MP: 1/9
  4284 | D:6      | Noticed an ice beast
  4296 | D:6      | Killed an ice beast
  4393 | D:6      | Reached skill level 8 in Necromancy
  4440 | D:6      | Noticed an orc warrior
  4461 | D:6      | Killed an orc warrior
  4462 | D:6      | Reached XP level 7. HP: 34/46 MP: 0/10
  4747 | D:5      | Entered Level 5 of the Dungeon
  4762 | D:5      | Noticed Duvessa
  4769 | D:5      | Noticed Dowan
  4790 | D:5      | Reached skill level 9 in Necromancy
  4793 | D:5      | Gained mutation: You expend magic power (3 MP) to
                  | strengthen your wands. [potion of mutation]
  4793 | D:5      | Gained mutation: Your system is resistant to poisons.
                  | (rPois) [potion of mutation]
  5544 | D:4      | Found a sacrificial altar of Ru.
  5666 | D:4      | Found a staircase to the Ecumenical Temple.
  5679 | Temple   | Entered the Ecumenical Temple
  5852 | Temple   | Became a worshipper of Yredelemnul the Dark
  5999 | D:4      | Reached * piety under Yredelemnul
  6684 | D:5      | Reached XP level 8. HP: 21/52 MP: 2/14
  7031 | D:4      | Found a staircase to the Ecumenical Temple.
  7181 | D:4      | Found a sacrificial altar of Ru.
  7722 | D:5      | Killed Duvessa
  7926 | D:5      | Killed Dowan
  8046 | D:5      | Reached skill level 5 in Spellcasting
  8066 | D:5      | Slain by a wight

Illustrated notes

Levels and vault maps discovered:
D:1:      minmay_arrival_stone_box, layout_loops_ring
D:2:      minmay_chambers_of_ones, layout_rooms, st_stairs_1
D:3:      layout_basic, shapermc_ecumenical_altar_petra, gup_sewer_entry_bowl
D:4:      layout_loops_corners, nicolae_ru_great_annihilating_truth,
          minmay_temple_entry_junction_2, kennysheep_generic_room_11
D:5:      layout_loops_ring, grunt_ministairs_8, uniq_duvessa
D:6:      layout_loops_ring
D:7:      layout_cave_pods, gammafunk_ghost_necromancy
Temple:   eino_temple_scatter_basement

Skill      XL: |  1  2  3  4  5  6  7  8 |
---------------+-------------------------+-----
Necromancy     | 5 6 7 8 9 |  9.4
Maces & Flails | 3 |  3.0
Spellcasting   | 4 5 |  5.3
Dodging        | |  1.7
Stealth        | |  1.7

Action                   |  1- 3 |  4- 6 |  7- 9 || total
-------------------------+-------+-------+-------++-------
Melee: Whip              |    31 |    60 |     3 ||    94
       Dagger            |       |       |    36 ||    36
 Cast: Necrotise         |    68 |    89 |    76 ||   233
       Vampiric Draining |       |     5 |    13 ||    18
  Use: Scroll            |     1 |     3 |     4 ||     8
       Potion            |       |       |     5 ||     5
 Stab: Distracted        |     1 |       |       ||     1
Armor: Robe              |    10 |       |       ||    10
       Ring mail         |     8 |    40 |    45 ||    93
Dodge: Dodged            |    27 |    42 |    57 ||   126
